 Dungeon Crawl Stone Soup version 0.20-a0-266-gdedccd6 (webtiles) character file.

99 KristoblXynda the Stinger (level 4, -1/29 HPs)
             Began as a Draconian Venom Mage on Dec 5, 2016.
             Slain by a black bear (4 damage)
             ... on level 3 of the Dungeon.
             The game lasted 00:04:13 (1867 turns).

KristoblXynda the Stinger (Draconian Venom Mage)    Turns: 1867, Time: 00:04:14

Health: -1/29      AC:  5    Str: 11    XL:     4   Next: 45%
Magic:  1/7        EV: 12    Int: 16    God:
Gold:   68         SH:  0    Dex: 11    Spells: 4/8 levels left

rFire  . . .     SeeInvis .     c - +2 dagger (venom)
rCold  . . .     Gourm    .     (armour unavailable)
rNeg   . . .     Faith    .     (no shield)
rPois  .         Spirit   .     (helmet restricted)
rElec  .         Reflect  .     (no cloak)
rCorr  .         Harm     .     (no gloves)
MR     .....     Rnd*Rage +     (no boots)
Stlth  ++........               (no amulet)
                                (no ring)
                                (no ring)

@: very slightly contaminated
A: unfitting armour, antennae 1, berserk 1, blurry vision 1, frail 1, low mp 1,
screaming 1, cold-blooded, AC +5
a: no special abilities


You were on level 3 of the Dungeon.
You were not hungry.

You visited 1 branch of the dungeon, and saw 3 of its levels.

You collected 68 gold pieces.

Inventory:

Hand Weapons
 c - a +2 dagger of venom (weapon)
Scrolls
 e - a scroll of random uselessness {unknown}
 f - a scroll of teleportation
 i - a scroll of amnesia {unknown}
Potions
 l - a potion of agility
Books
 a - a Young Poisoner's Handbook

   Spells                             Type                      Level
   a - Sting                          Conjuration/Poison           1
   b - Mephitic Cloud                 Conjuration/Poison/Air       3
   c - Olgreb's Toxic Radiance        Poison                       4
   d - Alistair's Intoxication        Transmutation/Poison         5
   e - Venom Bolt                     Conjuration/Poison           5
Comestibles
 b - 2 bread rations
 j - 2 meat rations


   Skills:
 - Level 1.7 Dodging
 - Level 1.7 Stealth
 + Level 2.8 Spellcasting
 + Level 2.2 Conjurations
 + Level 4.8 Poison Magic


You had 4 spell levels left.
You knew the following spells:

 Your Spells              Type           Power        Failure   Level  Hunger
a - Sting                 Conj/Pois      ##..         6%          1    #......
b - Mephitic Cloud        Conj/Pois/Air  #.......     21%         3    ###....


Dungeon Overview and Level Annotations

Branches:
Dungeon (3/15)

Altars:
Ashenzari
Cheibriados
Dithmenos
Fedhas
Ru


Innate Abilities, Weirdness & Mutations

Your plain brown scales are hard. (AC +5)
You cannot fit into any form of body armour.
You are cold-blooded and may be slowed by cold attacks.
You have a pair of small antennae on your head.
You tend to lose your temper in combat.
Scrolls take you a little longer to read.
You are frail. (-10% HP)
Your magical capacity is low. (-10% MP)
You occasionally shout uncontrollably at your foes.


Message History

Unknown command.
Okay, then.
You barely miss the orc.
You tail-slap the orc, but do no damage.
The orc is lightly wounded.
The orc barely misses you.
You hit the orc but do no damage.
The orc is poisoned.
The orc closely misses you.
You closely miss the orc. The orc hits you but does no damage.
You hit the orc.
The orc is severely wounded.
The orc misses you.
You closely miss the orc.
The orc is almost dead.
You kill the orc!
The orc falls through a shaft!
The shaft crumbles and collapses.
The black bear bites you.
* * * LOW HITPOINT WARNING * * *
The black bear claws you.
You die...

.. ............... ..
.###.##.##)...# #. .# #
#.......# #. .# ###......
#.###.###+## +......
#........... #......
#..)....... #)....[
#..h........###....
##@#........ +....
##'#####.#.####....
#..)...#.#.......##
#......#.#..###.... ####
#........#..#.+....
##...##........#..#.#....
##..............#..#.#....
#.≈≈≈.##...........#.#.###
#≈≈≈≈≈ ##'#'###.##.#.###..


You could see a black bear.

Vanquished Creatures
  An orc wizard (D:3)
  3 adders (D:2)
  3 worms
  2 dart slugs
  A leopard gecko (D:2)
  2 orcs (D:3)
  A giant cockroach (D:1)
  4 goblins
  3 hobgoblins
  A kobold (D:1)
  2 quokkas
  2 bats
  3 frilled lizards
  2 rats
30 creatures vanquished.

Notes
Turn   | Place    | Note
-------+----------+-------------------------------------------
     0 | D:1      | KristoblXynda the Draconian Venom Mage began the quest for the Orb.
     0 | D:1      | Reached XP level 1. HP: 14/14 MP: 3/3
   373 | D:1      | You fall through a shaft!
   635 | D:2      | Reached XP level 2. HP: 20/20 MP: 5/5
   659 | D:2      | Found a shadowy altar of Dithmenos.
   668 | D:2      | Reached skill level 1 in Conjurations
   729 | D:2      | Found a shattered altar of Ashenzari.
   900 | D:2      | Found a blossoming altar of Fedhas.
   927 | D:2      | Found a faded altar of an unknown god.
   942 | D:2      | Reached XP level 3. HP: 19/26 MP: 3/6
   947 | D:2      | Learned a level 3 spell: Mephitic Cloud
  1145 | D:2      | Found a sacrificial altar of Ru.
  1727 | D:3      | Noticed a black bear
  1778 | D:3      | Found a snail-covered altar of Cheibriados.
  1841 | D:3      | Reached XP level 4. HP: 33/33 MP: 5/8
  1855 | D:3      | Gained mutation: You occasionally shout uncontrollably at your foes. [potion of mutation]
  1855 | D:3      | Gained mutation: Scrolls take you a little longer to read. [potion of mutation]
  1855 | D:3      | Gained mutation: You are frail. (-10% HP) [potion of mutation]
  1856 | D:3      | Gained mutation: Your magical capacity is low. (-10% MP) [potion of mutation]
  1856 | D:3      | Gained mutation: You tend to lose your temper in combat. [potion of mutation]
  1856 | D:3      | Gained mutation: You have a pair of small antennae on your head. [potion of mutation]
  1867 | D:3      | Slain by a black bear

Vault maps used:
D:1:      dpeg_arrival_rhombi, minmay_misc_feat_five
D:2:      old_standard_altar, nicolae_dithmenos_through_a_glass_darkly,
          lemuel_round_altar, chequers_ecumenical_altar_twisty,
          nicolae_ru_the_path_less_chosen
D:3:      kennysheep_slug_shrine, first_bread

Skill      XL: |  1  2  3  4 |
---------------+-------------+-----
Conjurations   | 1 2 |  2.2
Dodging        | |  1.7
Stealth        | |  1.7
Spellcasting   | |  2.8
Poison Magic   | |  4.8

Action                   |  1- 3 |  4- 6 || total
-------------------------+-------+-------++-------
Melee: Dagger            |    74 |     8 ||    82
       Tailslap          |     3 |     1 ||     4
 Cast: Sting             |    25 |     5 ||    30
  Use: Scroll            |     1 |     3 ||     4
       Potion            |       |     2 ||     2
 Stab: Sleeping          |     1 |       ||     1
  Eat: Chunk             |     3 |       ||     3
Armor: Skin              |    20 |     1 ||    21
Dodge: Dodged            |    42 |    11 ||    53
